 Dungeon Crawl Stone Soup version 0.32-a0-975-g85d4e5bfdb (webtiles) character file.

Game seed: 2920005590153465844

394 EnegeticOcto the Chiller (level 6, 0/44 HPs)
             Began as a Coglin Ice Elementalist on Apr 19, 2024.
             Shot with an arrow by a centaur (9 damage)
             ... on level 4 of the Dungeon.
             The game lasted 00:10:21 (3753 turns).

EnegeticOcto the Chiller (Coglin Ice Elementalist)  Turns: 3753, Time: 00:10:22

Health: 0/44       AC:  4    Str:  8    XL:     6   Next: 81%
Magic:  10/10      EV: 11    Int: 17    God:
Gold:   253        SH:  0    Dex: 14    Spells: 3/10 levels left

rFire   . . .        h - +0 sling {Marzanna}
rCold   . . .        m - +0 sling {Yongsun}
rNeg    . . .        a - +0 robe
rPois   .            o - +0 helmet of Pupeq {*Corrode Will+ Stlth+}
rElec   .            (no cloak)
rCorr   .            l - +0 pair of gloves
SInv    .            (no boots)
Will    +....        (amulet unavailable)
Stlth   +++          (ring unavailable)
HPRegen 0.27/turn    (ring unavailable)
MPRegen 0.12/turn    (no gizmo)

%: corrode self (3%)
@: revving
A: off-hand wielding, slow wielding, warmup strikes, no jewellery
a: Invent Gizmo


You were on level 4 of the Dungeon.
You visited 1 branch of the dungeon, and saw 4 of its levels.

You collected 253 gold pieces.

Inventory:

Hand Weapons
 h - a +0 sling (weapon) {Marzanna}
   (You found it on level 1 of the Dungeon)
 j - a +2 dagger of draining
   (You took it off a goblin on level 3 of the Dungeon)
 m - a +0 sling (offhand) {Yongsun}
   (You found it on level 2 of the Dungeon)
 s - a +2 dagger of venom
   (You took it off Jessica on level 3 of the Dungeon)
Missiles
 q - 2 poisoned darts
Armour
 a - a +0 robe (worn)
 g - a +1 helmet
   (You found it on level 1 of the Dungeon)
 l - a +0 pair of gloves (worn)
   (You found it on level 3 of the Dungeon)
 o - the +0 helmet of Pupeq (worn) {*Corrode Will+ Stlth+}
   (You took it off Robin on level 2 of the Dungeon)

   Will+:     It increases your willpower.
   *Corrode:  It may corrode you when you take damage.
   Stlth+:    It makes you more stealthy.
Scrolls
 c - a scroll of immolation
 f - a scroll of teleportation {@r3 !r}
 t - a scroll of poison {unknown}
 u - 2 scrolls of amnesia {unknown}
Potions
 b - a potion of magic
 d - a potion of attraction
 e - 2 potions of haste {@q4 !q}
 i - a potion of ambrosia
 n - 2 potions of brilliance {unknown}
 r - 2 potions of degeneration {unknown}


   Skills:
 + Level 2.0 Fighting
 - Level 1.7 Dodging
 - Level 3.0 Stealth
 + Level 2.6 Spellcasting
 + Level 5.9 Ice Magic


You had 3 spell levels left.
You knew the following spells:

 Your Spells              Type           Power      Damage    Failure   Level
a - Freeze                Ice            88%        1d9       1%          1
b - Frozen Ramparts       Ice            44%        1d7       4%          3
c - Ozocubu's Armour      Ice            22%        N/A       4%          3

Your spell library contained the following spells:

 Spells                   Type           Power      Damage    Failure   Level
 Summon Ice Beast         Ice/Summ       12%        N/A       16%         3


Dungeon Overview and Level Annotations

Branches:
Dungeon (4/15) Zot: 20223
 Temple: D:4-7

Altars:
Makhleb
Okawaru
Ru
Vehumet
Xom

Annotations:
D:2 exclusion: adder, Natasha
D:3 1 runed translucent door, exclusion: door, Crazy Yiuf


Innate Abilities, Weirdness & Mutations

You can wield a second weapon in your off-hand.
It takes a long time for you to wield or remove held weapons.
Your first few attacks do less damage.
You cannot equip rings or amulets.


Message History

The jackal bites you.
The wall freezes the jackal. x2
You kill the jackal!
The wall freezes the jackal.
You kill the jackal!
The wall freezes the jackal.
You kill the jackal!
You start resting.
HP restored.
The frozen ramparts melt away.
You start resting.
A quokka comes into view.
There is an open door here.
You see here a jackal corpse.
You shoot a sling bullet.
The sling bullet completely misses the quokka.
You shoot a sling bullet.
The sling bullet closely misses the quokka.
You shoot a sling bullet.
The sling bullet closely misses the quokka.
You shoot a sling bullet.
The sling bullet closely misses the quokka.
You shoot a sling bullet.
The sling bullet closely misses the quokka.
You shoot a sling bullet.
The sling bullet closely misses the quokka.
The quokka closely misses you. The quokka bites you.
You shoot a sling bullet.
The sling bullet barely misses the quokka.
You shoot a sling bullet.
The sling bullet closely misses the quokka.
The quokka bites you but does no damage.
You shoot a sling bullet. The sling bullet hits the quokka.
You kill the quokka!
You shoot a sling bullet.
No target in view!
You see here a jackal corpse.
A jelly comes into view.
The jelly quivers.
Casting: Frozen Ramparts (dangerous; 4% risk of failure)
Confirm with . or Enter, or press ? or * to list all spells.
Casting: Frozen Ramparts (dangerous; 4% risk of failure)
Press: ? - help, Dir - look around, f - activate The walls around you are covered in ice.
The wall freezes the jelly.
Casting: Frozen Ramparts (dangerous; 4% risk of failure)
Confirm with . or Enter, or press ? or * to list all spells.
Aiming: Freeze (safe; 1% risk of failure)
Press: ? - help, Shift-Dir - straight line, f - jelly
Aim: a jelly (moderately wounded)
You freeze the jelly!
The jelly is severely wounded.
The wall freezes the jelly!
You kill the jelly!
Your Fighting skill increases to level 2!
You start resting.
The frozen ramparts melt away.
You start resting.
Magic restored.
A kobold comes into view. It is wielding a +0 short sword.
You shoot a sling bullet. The sling bullet hits the kobold.
The kobold shouts!
The kobold is severely wounded.
You shoot a sling bullet. The sling bullet hits the kobold.
You kill the kobold!
A centaur comes into view.
You shoot a sling bullet. The centaur shouts!
The sling bullet hits the centaur.
The centaur is lightly wounded.
You shoot a sling bullet.
The sling bullet barely misses the centaur.
The centaur wields a +0 orcbow.
The centaur shoots an arrow.
The arrow hits you!
A hobgoblin comes into view.
The centaur shoots an arrow.
The arrow hits you!
* * * LOW HITPOINT WARNING * * *
The hobgoblin shouts!
You are too injured to fight recklessly!
Really read
p - a scroll of fear {!r}?
As you read the scroll of fear {!r}, it crumbles to dust.
You assume a fearsome visage.
The centaur easily resists.
The hobgoblin looks frightened!
The centaur shoots an arrow.
The arrow hits you!
* * * LOW HITPOINT WARNING * * *
Unknown command.
Okay, then.
Okay, then.
Okay, then.
Char dumped successfully.
Unknown command.
Okay, then.
Okay, then.
Unknown command.
Press: ? - help, v - describe, . - travel
Here: a centaur, wielding a +0 orcbow (lightly wounded)
The floor.
Really quaff
k - a potion of curing {@q1 !q}?
You feel better.
The centaur shoots an arrow.
The arrow hits you.
* * * LOW HITPOINT WARNING * * *
The centaur shoots an arrow.
The arrow hits you!
You die...

############
#..........#
#.########.#
#######.#### #.#
...........#####@#
.....................#
...................###
...................#
...................#
...........####....#
......†>†..# #.c..#
#######†#### #..).+
#....#


You could see a centaur.

Vanquished Creatures
  A phantom (D:4)
  A crimson imp (D:3)
  A jelly (D:4)
  2 hounds
  Jessica (D:3)
  Terence (D:3)
  An orc wizard (D:4)
  Robin (D:2)
  2 adders (D:4)
  3 dart slugs
  2 ribbon worms (D:3)
  5 orcs
  4 ball pythons
  4 endoplasms
  3 giant cockroaches
  9 hobgoblins
  4 jackals (D:4)
  4 quokkas
  5 bats
  4 frilled lizards
  12 goblins
  6 kobolds
  2 rats
78 creatures vanquished.

Notes
Turn   | Place    | Note
-------+----------+-------------------------------------------
     0 | D:1      | EnegeticOcto the Coglin Ice Elementalist began the quest
                  | for the Orb.
     0 | D:1      | Reached XP level 1. HP: 13/13 MP: 3/3
   120 | D:1      | Found a faded altar of an unknown god.
   229 | D:1      | Reached skill level 2 in Stealth
   314 | D:1      | Reached XP level 2. HP: 19/19 MP: 1/4
  1191 | D:2      | You fall into a shaft and drop 1 floor!
  1292 | D:3      | Noticed Terence
  1406 | D:3      | Reached skill level 3 in Stealth
  1406 | D:3      | Reached XP level 3. HP: 24/24 MP: 1/5
  1451 | D:3      | Learned a level 3 spell: Frozen Ramparts
  1468 | D:3      | Found a radiant altar of Vehumet.
  1771 | D:2      | Reached skill level 2 in Spellcasting
  1873 | D:2      | Noticed Natasha
  2044 | D:3      | Found a sacrificial altar of Ru.
  2086 | D:3      | Found a runed translucent door.
  2087 | D:3      | Noticed Crazy Yiuf
  2228 | D:3      | Identified the +0 helmet of Pupeq {*Corrode Will+ Stlth+}
  2228 | D:3      | Noticed Robin
  2256 | D:2      | Killed Robin
  2257 | D:2      | Reached skill level 4 in Ice Magic
  2257 | D:2      | Reached XP level 4. HP: 30/30 MP: 3/7
  2430 | D:3      | Found a burning altar of Makhleb.
  2430 | D:3      | Found a shimmering altar of Xom.
  2589 | D:3      | Noticed Jessica
  2593 | D:3      | Killed Jessica
  2594 | D:3      | Reached skill level 5 in Ice Magic
  2594 | D:3      | Reached XP level 5. HP: 35/35 MP: 4/8
  2669 | D:3      | Found an iron altar of Okawaru.
  2974 | D:3      | Learned a level 3 spell: Ozocubu's Armour
  3041 | D:3      | Killed Terence
  3171 | D:4      | Noticed a phantom
  3229 | D:4      | Killed a phantom
  3230 | D:4      | Reached skill level 1 in Fighting
  3230 | D:4      | Reached XP level 6. HP: 26/43 MP: 9/9
  3396 | D:4      | Noticed a steam dragon
  3700 | D:4      | Reached skill level 2 in Fighting
  3753 | D:4      | Shot with an arrow by a centaur

Illustrated notes

Levels and vault maps discovered:
D:1:      mainiacjoe_arrival_reflecting_pool, layout_loops_cross,
          ebering_ecumenical_altar_box
D:2:      kennysheep_six_static_rooms, layout_loops_ring, kennysheep_crisscross,
          uniq_natasha
D:3:      layout_loops_ring, grunt_temple_overflow_champion_of_chaos,
          nicolae_ru_sacrificial_ziggurat, okawaru_gym_becter,
          mainiacjoe_overflow_cross_hatched, uniq_terence,
          uniq_crazy_yiuf_cottage, uniq_robin, uniq_jessica
D:4:      layout_basic, tgw_sif, chequers_decorated_corner, uniq_sigmund

Skill      XL: |  1  2  3  4  5  6 |
---------------+-------------------+-----
Stealth        | 2 3 |  3.0
Spellcasting   | 2 |  2.6
Ice Magic      | 4 5 |  5.9
Fighting       | 1 2 |  2.0
Dodging        | |  1.7

Action                     |  1- 3 |  4- 6 || total
---------------------------+-------+-------++-------
   Fire: Sling             |   115 |   154 ||   269
   Cast: Freeze            |    33 |    23 ||    56
         Frozen Ramparts   |       |     8 ||     8
    Use: Potion            |     3 |     1 ||     4
         Scroll            |     4 |     3 ||     7
 Armour: Robe              |    24 |    33 ||    57
  Dodge: Dodged            |    27 |    26 ||    53

Table legend: (Time is in decaauts)
 A = Elapsed time spent in this place.
 B = Non-inter-level travel time spent in this place.
 C = Inter-level travel time spent in this place.
 D = Time resting spent in this place.
 E = Time spent auto-exploring this place.
 F = Levels seen in this place.
 G = Mean time per level.
                   A        B        C        D        E       F      G
               +--------+--------+--------+--------+--------+-----+--------+
         Total |   3775 |   3523 |    252 |    515 |   2069 |   4 |  943.8 |
       Dungeon |   3775 |   3523 |    252 |    515 |   2069 |   4 |  943.8 |
               +--------+--------+--------+--------+--------+-----+--------+

Top non-repeatable levels by time:
     D:3: 1505 daAuts
     D:1: 908 daAuts
     D:2: 763 daAuts
     D:4: 597 daAuts

Table legend:
 A = Kills in this place as a percentage of kills in the entire game.
 B = Kills by you in this place as a percentage of kills by you in the entire game.
 C = Kills by friends in this place as a percentage of kills by friends in the entire game.
 D = Other kills in this place as a percentage of other kills in the entire game.
 E = Experience gained in this place as a percentage of experience gained in the entire game.
 F = Experience gained in this place divided by the number of levels of this place that you have seen.
                   A       B       C       D       E      F
               +-------+-------+-------+-------+-------+----------------------
         Total | 100.0 | 100.0 |   N/A |   N/A | 100.0 | 140.8
       Dungeon | 100.0 | 100.0 |   N/A |   N/A | 100.0 | 140.8
               +-------+-------+-------+-------+-------+----------------------
